 Dungeon Crawl Stone Soup version 0.20-a0-509-ga2a529b (webtiles) character file.

1657 M4edhros the Quickloader (level 9, -3/68 HPs)
             Began as a Formicid Hunter on Jan 22, 2017.
             Was an Initiate of Gozag.
             Succumbed to Pikel's poison
             ... on level 6 of the Dungeon.
             The game lasted 00:12:55 (6668 turns).

M4edhros the Quickloader (Formicid Hunter)          Turns: 6668, Time: 00:12:55

Health: -3/68      AC:  8    Str: 22    XL:     9   Next: 20%
Magic:  11/11      EV: 13    Int: 11    God:    Gozag
Gold:   182        SH:  5    Dex: 19    Spells: 7/14 levels left

rFire    . . .     SeeInvis +   G - +2 flail of the Philosopher {drain, *Noise rN++}
rCold    . . .     Gourm    .   o - +1 ring mail
rNeg     + + .     Faith    .   B - +0 buckler
rPois    .         Spirit   .   (helmet unavailable)
rElec    .         Reflect  .   (no cloak)
rCorr    .         Harm     .   (no gloves)
MR       .....                  (no boots)
Stlth    +.........             (no amulet)
Regen    0.3/turn               i - ring of teleportation
                                z - +5 ring of dexterity

@: mighty, lethally poisoned (-3 -> -29), gold aura
A: permanent stasis, dig shafts and tunnels, four strong arms, antennae 3, slimy
green scales 1, low mp 2
a: Dig, Shaft Self, Potion Petition, Call Merchant, Bribe Branch, Renounce
Religion


You were on level 6 of the Dungeon.
You worshipped Gozag.
Gozag was aware of your devotion.
You were not hungry.

You visited 1 branch of the dungeon, and saw 6 of its levels.
You also visited: Sewer.

You collected 1130 gold pieces.
You spent 464 gold pieces at shops.
You paid 484 gold pieces to Gozag.

Inventory:

Hand Weapons
 b - a +0 short sword
 l - the +1 hunting sling of Parts Unknown {flame, rN+ MR- MP+9}
   (You bought it in a shop on level 3 of the Dungeon)

   It causes projectiles fired from it to burn those they strike, causing extra
   injury to most foes and up to half again as much damage against particularly
   susceptible opponents.
   It protects you from negative energy.
   It affects your resistance to hostile enchantments.
   It affects your magic capacity (+9).
 r - a +0 dagger of draining
 y - a +1 arbalest
 C - a +2 flail of protection
 G - the +2 flail of the Philosopher (weapon) {drain, *Noise rN++}
   (You bought it in a shop on level 3 of the Dungeon)

   A truly terrible weapon, it drains the life of those it strikes.
   It greatly protects you from negative energy.
   It may make noises in combat.
Missiles
 d - 60 bolts
 k - 18 sling bullets
 m - 151 stones (quivered)
Armour
 c - a +0 leather armour
 o - a +1 ring mail (worn)
 B - a +0 buckler (worn)
Jewellery
 a - an uncursed ring of fire {unknown}
 i - a ring of teleportation (right hand)
 z - a +5 ring of dexterity (left hand)
Wands
 p - a wand of polymorph (13/24)
Scrolls
 h - a scroll of magic mapping {unknown}
 n - 2 scrolls of fear
 t - a scroll of blinking {unknown}
 w - a scroll of amnesia {unknown}
 E - a scroll of enchant armour
 F - a scroll of recharging
 H - a scroll of immolation {unknown}
 I - a scroll of enchant weapon
Potions
 e - 2 potions of flight
 g - a potion of degeneration {unknown}
 q - a potion of haste {unknown}
 v - a potion of agility {unknown}
 x - 3 potions of might
 A - 3 potions of cancellation
Comestibles
 f - 4 bread rations
 j - 3 fruits
 s - 2 meat rations


   Skills:
 * Level 5.3 Fighting
 + Level 8.2 Crossbows
 + Level 0.4 Armour
 - Level 4.0 Dodging
 - Level 1.2 Stealth
 * Level 2.3 Shields
 * Level 3.4 Spellcasting
 * Level 4.4 Hexes


You had 7 spell levels left.
You knew the following spells:

 Your Spells              Type           Power        Failure   Level  Hunger
a - Corona                Hex            ##.....      10%         1    #......
b - Mephitic Cloud        Conj/Pois/Air  #.......     97%         3    ###....
c - Inner Flame           Hex/Fire       #.......     54%         3    ###....


Dungeon Overview and Level Annotations

Branches:
Dungeon (6/15)
 Temple: D:4-7

Altars:
Ashenzari
Cheibriados
Dithmenos
Elyvilon
Gozag
Okawaru
Ru
Sif Muna
Trog
Uskayaw
Zin

Shops:
D:3 (*   D:5 *   D:6 (


Innate Abilities, Weirdness & Mutations

You cannot be hasted, slowed, berserked, paralysed or teleported.
You can dig through walls and to a lower floor.
Your four strong arms can wield two-handed weapons with a shield.
You have a pair of large antennae on your head. (SInv)
You are partially covered in slimy green scales. (AC +2)
Your magical capacity is very low. (-20% MP)


Message History

Pikel is severely wounded.
* * * LOW HITPOINT WARNING * * *
You feel very sick. Pikel stings you!
* * * LOW HITPOINT WARNING * * *
You block Pikel's attack.
You closely miss Pikel.
Pikel is severely wounded.
* * * LOW HITPOINT WARNING * * *
You feel very sick. You block Pikel's attack.
Unknown command.
Unknown command.
You sock Pikel! You drain Pikel!
You kill Pikel!
Pikel returns to his original shape as he dies.
Your Shields skill increases to level 2!
With Pikel's spell broken, the former slaves thank you for their freedom.
You die...
Your body crumbles into a pile of gold.

#........#.####..........
#........#.# #..).......
#........#.# #..........
#........#.# #..........
#........#.# #..........
#.#####.......|#.####..........
#........p....pp{...#..........
.......#######$#{#.##.........#
.......p #@#.#.#########..#
....... { ####.#.#.# #..#
......# #........#########...
.....# ##...............#.#.
..### #.......#######.#.#. ##
#.......# #...#.#.##
###.#'#.###.#.#.#.##
#.#.#...#.#.#.#.##
#.#.###.#.#.#.#.##


You could see 2 neutral freed slaves.

Vanquished Creatures
  A soldier ant (D:6)
  An ice beast (D:5)
  Purgy (Sewer)
  3 ogres
  A scorpion (D:4)
  6 killer bees
  A howler monkey (D:4)
  2 crimson imps
  A centaur skeleton (D:4)
  2 hounds
  2 orc priests
  2 orc wizards
  An iguana (D:4)
  6 worker ants (D:4)
  11 gnolls
  7 adders
  2 oozes
  6 worms
  4 leopard geckos
  13 orcs
  2 ball pythons
  10 giant cockroaches
  6 goblins
  9 hobgoblins
  3 jackals (D:2)
  9 kobolds
  5 quokkas
  11 bats
  10 frilled lizards
  A leopard gecko skeleton (D:4)
  A quokka skeleton (D:4)
  11 rats
151 creatures vanquished.

Notes
Turn   | Place    | Note
-------+----------+-------------------------------------------
     0 | D:1      | M4edhros the Formicid Hunter began the quest for the Orb.
     0 | D:1      | Reached XP level 1. HP: 16/16 MP: 1/1
   224 | D:1      | Reached XP level 2. HP: 22/22 MP: 2/2
   566 | D:1      | Reached XP level 3. HP: 26/27 MP: 3/3
   799 | D:2      | Found a glowing silver altar of Zin.
   856 | D:2      | Reached skill level 5 in Crossbows
   874 | D:2      | Found a shadowy altar of Dithmenos.
   943 | D:3      | Found a hide-covered altar of Uskayaw.
  1026 | D:3      | Reached XP level 4. HP: 25/33 MP: 4/4
  1150 | D:3      | Found Gozag's Platinum Reserve.
  1158 | D:3      | Found an opulent altar of Gozag.
  1204 | D:3      | Became a worshipper of Gozag Ym Sagoz the Greedy
  1280 | D:3      | Reached skill level 6 in Crossbows
  1280 | D:3      | Reached XP level 5. HP: 21/38 MP: 5/5
  1471 | D:3      | Found a glowing drain.
  1478 | Sewer    | Entered a sewer
  1594 | Sewer    | Noticed Purgy
  1600 | Sewer    | Gained mutation: You are partially covered in slimy green scales. (AC +2) [potion of mutation]
  1600 | Sewer    | Gained mutation: Your magical capacity is low. (-10% MP) [potion of mutation]
  1600 | Sewer    | Gained mutation: Your magical capacity is very low. (-20% MP) [potion of mutation]
  1614 | Sewer    | Killed Purgy
  1614 | Sewer    | Reached skill level 7 in Crossbows
  1614 | Sewer    | Reached XP level 6. HP: 21/44 MP: 4/4
  2685 | D:3      | You fall through a shaft for 3 floors!
  2882 | D:6      | Reached XP level 7. HP: 44/51 MP: 5/5
  2927 | D:6      | Learned a level 1 spell: Corona
  2965 | D:5      | Entered Level 5 of the Dungeon
  3058 | D:5      | Reached skill level 1 in Spellcasting
  3402 | D:5      | Found an opulent altar of Gozag.
  3467 | D:4      | Reached skill level 1 in Hexes
  3641 | D:4      | Reached XP level 8. HP: 23/60 MP: 8/8
  3824 | D:4      | Found an iron altar of Okawaru.
  3924 | D:4      | Learned a level 3 spell: Mephitic Cloud
  3928 | D:4      | Learned a level 3 spell: Inner Flame
  3946 | D:4      | Reached skill level 8 in Crossbows
  4710 | D:3      | You fall through a shaft!
  4872 | D:3      | Bought a crystal hunting sling for 201 gold pieces
  4872 | D:3      | Identified the cursed +1 hunting sling of Parts Unknown {flame, rN+ MR- MP+9} (You bought it in a shop on level 3 of the Dungeon)
  5269 | D:3      | Found a shattered altar of Ashenzari.
  5275 | D:3      | Found a white marble altar of Elyvilon.
  5275 | D:3      | Found a snail-covered altar of Cheibriados.
  5276 | D:3      | Found a deep blue altar of Sif Muna.
  5453 | D:3      | Noticed a moth of wrath
  5571 | D:3      | Found a bloodstained altar of Trog.
  5959 | D:5      | Reached skill level 5 in Fighting
  5963 | D:5      | Reached skill level 1 in Shields
  6030 | D:5      | Reached XP level 9. HP: 61/68 MP: 10/10
  6066 | D:5      | Found Liecvefi's General Store.
  6165 | D:3      | Bought a jewelled flail for 263 gold pieces
  6165 | D:3      | Identified the cursed +2 flail of the Philosopher {drain, *Noise rN++} (You bought it in a shop on level 3 of the Dungeon)
  6301 | D:5      | Found a sacrificial altar of Ru.
  6373 | D:6      | Found Ocapaest's Antique Weapon Shoppe.
  6630 | D:6      | Noticed Pikel
  6656 | D:6      | Noticed Pikel
  6656 | D:6      | Pikel changed into Pikel the soldier ant
  6667 | D:6      | HP: 1/68 [poisoned by Pikel]
  6668 | D:6      | Killed Pikel the soldier ant
  6668 | D:6      | Succumbed to Pikel's poison

Vault maps used:
D:1:      dpeg_arrival_rooms_c, minmay_hexomino_p4
D:2:      grunt_dithmenos_smoke, zin_statuary
D:3:      tgw_trog, lemuel_crystal_altar, minitemple, gup_sewer_entry_bubbles,
          nicolae_gozag_zags_fifth_avenue
D:4:      okawaru_ov_weapons_minmay
D:5:      kennysheep_mini_moat, first_bread, serial_shops, shop,
          nicolae_ru_path_of_blood
D:6:      serial_shops, nicolae_shop_behind_doors,
          eino_small_chamber_without_monster, led_sif_book, uniq_pikel
Sewer:    kennysheep_door_sewer

Skill      XL: |  1  2  3  4  5  6  7  8  9 |
---------------+----------------------------+-----
Crossbows      | 5 6 7 8 |  8.2
Dodging        | 2 3 4 |  4.0
Fighting       | 4 5 |  5.3
Spellcasting   | 1 2 3 |  3.4
Hexes          | 2 3 4 |  4.4
Shields        | 1 2 |  2.3
Armour         | |  0.4
Stealth        | |  1.2

Action                   |  1- 3 |  4- 6 |  7- 9 || total
-------------------------+-------+-------+-------++-------
Melee: Dagger            |       |       |   111 ||   111
       Hunting sling     |       |       |    63 ||    63
       Flail             |       |       |    58 ||    58
 Fire: Hand crossbow     |    77 |   143 |       ||   220
       Arbalest          |       |     7 |   136 ||   143
       Hunting sling     |       |       |     3 ||     3
 Cast: Corona            |       |       |     4 ||     4
Invok: Call Merchant     |       |       |     1 ||     1
 Abil: Dig               |       |     1 |       ||     1
       Shaft Self        |       |     1 |     1 ||     2
Evoke: Wand              |       |       |     2 ||     2
  Use: Potion            |       |     2 |     5 ||     7
       Scroll            |       |       |    15 ||    15
  Eat: Chunk             |       |     1 |       ||     1
       Royal jelly       |       |     1 |     2 ||     3
       Meat ration       |       |     1 |       ||     1
       Bread ration      |       |       |     2 ||     2
Armor: Leather armour    |     2 |       |       ||     2
       Ring mail         |     5 |    39 |   122 ||   166
Dodge: Dodged            |    18 |    49 |   256 ||   323
Block: Buckler           |       |       |    22 ||    22
